 Dungeon Crawl Stone Soup version 0.26-a0-859-gf57989e088 (webtiles) character file.

Game seed: 13462456725139649980

2495 Decritt the Thaumaturge (level 9, -17/49 HPs)
             Began as a Deep Elf Fire Elementalist on Nov 24, 2020.
             Was a Believer of Sif Muna.
             Demolished by a komodo dragon (25 damage)
             ... on level 7 of the Dungeon on Nov 25, 2020.
             The game lasted 00:33:21 (11743 turns).

Decritt the Thaumaturge (DEFE)                     Turns: 11743, Time: 00:33:22

Health: -17/49     AC:  8    Str:  5    XL:     9   Next: 28%
Magic:  10/23      EV: 13    Int: 24    God:    Sif Muna [**....]
Gold:   379        SH:  6    Dex: 15    Spells: 15/24 levels left

rFire    . . .     SeeInvis .   w - +1 hand axe (elec)
rCold    . . .     Faith    .   n - +1 buckler
rNeg     . . .     Spirit   .   h - +0 troll leather armour
rPois    .         Reflect  .   q - +0 helmet
rElec    .         Harm     .   p - +2 cloak
rCorr    .         Rampage  .   (no gloves)
MR       .....                  (no boots)
Stlth    ++........             (no amulet)
HPRegen  0.56/turn              v - ring of wizardry
MPRegen  0.18/turn              (no ring)

@: no status effects
A: no striking features
a: Channel Magic, Renounce Religion


You were on level 7 of the Dungeon.
You worshipped Sif Muna.
Sif Muna was pleased with you.
You visited 2 branches of the dungeon, and saw 9 of its levels.
You also visited: Sewer.

You collected 379 gold pieces.

Inventory:

Hand Weapons
 w - a +1 hand axe of electrocution (weapon)
Missiles
 i - 18 poisoned darts
 l - 8 javelins (quivered)
 u - 4 datura-tipped darts
Armour
 a - a +3 ring mail
 h - a +0 troll leather armour (worn)
 n - a +1 buckler (worn)
 p - a +2 cloak (worn)
 q - a +0 helmet (worn)
Jewellery
 v - a ring of wizardry (left hand)
Wands
 f - a wand of paralysis (22)
 j - a wand of flame (21)
 C - a wand of enslavement (12)
Scrolls
 b - a scroll of fog {unknown}
 d - 3 scrolls of teleportation
 k - 3 scrolls of enchant weapon
 m - 2 scrolls of magic mapping
 r - 2 scrolls of identify
 s - 3 scrolls of amnesia
 t - a scroll of blinking {unknown}
Potions
 c - a potion of might
 e - 3 potions of flight
 o - a potion of cancellation
 x - a potion of mutation
 z - 2 potions of attraction
 A - a potion of haste


   Skills:
 + Level 2.9 Fighting
 + Level 2.3 Armour
 + Level 4.9 Dodging
 - Level 2.4 Stealth
 + Level 2.8 Shields
 + Level 8.3 Spellcasting
 * Level 6.5 Conjurations
 * Level 7.3 Fire Magic


You had 15 spell levels left.
You knew the following spells:

 Your Spells              Type           Power        Failure   Level
a - Foxfire               Conj/Fire      ####         1%          1
b - Conjure Flame         Conj/Fire      #####...     1%          3
c - Fireball              Conj/Fire      #####.....   8%          5

Your spell library contained the following spells:

 Spells                   Type           Power        Failure   Level
 Shock                    Conj/Air       ####         1%          1
 Sticky Flame             Conj/Fire      #####...     2%          4
 Inner Flame              Hex/Fire       ####....     3%          3
 Static Discharge         Conj/Air       ####....     3%          3
 Freeze                   Ice            #...         4%          1
 Swiftness                Air            #.......     8%          2
 Hailstorm                Conj/Ice       ####....     12%         4
 Frozen Ramparts          Ice            #.....       14%         3
 Ozocubu's Armour         Ice            #.......     14%         3
 Lightning Bolt           Conj/Air       ####......   32%         5
 Airstrike                Air            #.........   41%         4
 Summon Ice Beast         Ice/Summ       #.......     41%         4


Dungeon Overview and Level Annotations

Branches:
Dungeon (8/15)             Temple (1/1) D:4           Sewer (visited)
   Lair: D:8-11

Altars:
Ashenzari
Gozag
Hepliaklqana
Kikubaaqudgha
Okawaru
Ru
Sif Muna
Wu Jian
Xom
Zin
The Shining One

Shops:
D:7 !((


Message History

The komodo dragon is severely wounded.
The foxfire hits the komodo dragon but does no damage.
The komodo dragon is severely wounded.
The komodo dragon barely misses you.
Casting: Foxfire (safe; 1% risk of failure)
Confirm with . or Enter, or press ? or * to list all spells.
You conjure some foxfire!
The foxfire hits the komodo dragon but does no damage.
The komodo dragon is severely wounded.
The foxfire hits the komodo dragon but does no damage.
The komodo dragon is severely wounded.
The komodo dragon bites you!
* * * LOW HITPOINT WARNING * * *
The foxfire hits the komodo dragon but does no damage.
The komodo dragon is severely wounded.
The foxfire hits the komodo dragon.
The komodo dragon is almost dead.
The komodo dragon bites you!!
Ouch! That really hurt!
You die...

#.....#.####..).........
#...).....##............
####)...#.##.)...[......
#....#...########....
#.#).###'#########.∩#
#....##...........)..
##....#.........###.#
#....#.........#...#
#..@.....#####.#.###
#...l....##.........
#........##....##.#.
#........<...###).#.
#........###...#....
#####....# ###.#<...
#....#####.#....
###.....##....##
#####.####....


You could see a komodo dragon.

Vanquished Creatures
  A troll (D:7)
  Duvessa (D:3)
  An ice beast (D:3)
  2 sky beasts
  A phantom (D:4)
  An ogre (D:4)
  A bullfrog (D:8)
  2 water moccasin zombies
  Dowan (D:4)
  11 killer bees
  6 howler monkeys (D:7)
  2 centaur zombies
  3 hounds
  A jelly (D:6)
  3 orc priests
  A bullfrog skeleton (D:7)
  An iguana (D:6)
  2 orc wizards
  A worker ant (D:7)
  2 hound skeletons
  4 worker ant zombies
  9 adders
  4 gnolls (D:7)
  2 river rats (D:6)
  A shadow imp (D:7)
  A white imp (D:5)
  An ufetubus (D:6)
  5 oozes (Sewer)
  An adder skeleton (D:4)
  4 worms
  A dart slug (D:4)
  11 leopard geckos
  10 orcs
  4 bats
  19 giant cockroaches
  5 goblins
  9 hobgoblins
  7 jackals
  3 quokkas
  10 ball pythons
  15 frilled lizards
  A jackal skeleton (D:7)
  4 kobolds
  A leopard gecko skeleton (D:4)
  11 rats
187 creatures vanquished.

Vanquished Creatures (others)
  896 foxfires
896 creatures vanquished.

Grand Total: 1083 creatures vanquished

Notes
Turn   | Place    | Note
-------+----------+-------------------------------------------
     0 | D:1      | Decritt the Deep Elf Fire Elementalist began the quest for
                  | the Orb.
     0 | D:1      | Reached XP level 1. HP: 10/10 MP: 6/6
   519 | D:1      | Reached XP level 2. HP: 15/15 MP: 4/8
  1354 | D:2      | Found a shimmering altar of Xom.
  1667 | D:2      | Reached XP level 3. HP: 20/20 MP: 7/10
  2350 | D:2      | You fall into a shaft and drop 1 floor!
  2509 | D:2      | Found an ornate altar of the Wu Jian Council.
  2751 | D:3      | Noticed an ice beast
  2757 | D:3      | Killed an ice beast
  2758 | D:3      | Reached skill level 1 in Fighting
  2758 | D:3      | Reached skill level 4 in Spellcasting
  2758 | D:3      | Reached XP level 4. HP: 25/25 MP: 4/12
  2758 | D:3      | Reached XP level 5. HP: 29/29 MP: 4/13
  3732 | D:3      | Found a faded altar of an unknown god.
  3873 | D:4      | Noticed Dowan
  3895 | D:4      | Killed Dowan
  3896 | D:4      | Reached skill level 5 in Spellcasting
  3896 | D:4      | Reached XP level 6. HP: 34/34 MP: 6/15
  3898 | D:4      | Noticed Duvessa
  4357 | D:3      | Killed Duvessa
  4420 | D:4      | Found a staircase to the Ecumenical Temple.
  4439 | Temple   | Entered the Ecumenical Temple
  4495 | Temple   | Became a worshipper of Sif Muna the Loreminder
  4870 | D:4      | Reached skill level 1 in Shields
  4870 | D:4      | Reached skill level 5 in Fire Magic
  4870 | D:4      | Reached XP level 7. HP: 36/39 MP: 4/17
  5031 | D:4      | Found an opulent altar of Gozag.
  5992 | D:5      | Entered Level 5 of the Dungeon
  6023 | D:4      | Reached skill level 6 in Spellcasting
  6412 | D:5      | Reached * piety under Sif Muna
  6657 | D:5      | Reached XP level 8. HP: 37/44 MP: 15/19
  7168 | D:5      | Found a broken altar of Ashenzari.
  7169 | D:5      | Found an iron altar of Okawaru.
  7170 | D:5      | Found a glowing golden altar of the Shining One.
  7171 | D:5      | Found an ancient bone altar of Kikubaaqudgha.
  7173 | D:5      | Found a hazy altar of Hepliaklqana.
  7401 | D:6      | Reached skill level 1 in Armour
  7439 | D:6      | Reached skill level 5 in Conjurations
  7678 | D:6      | Reached skill level 7 in Spellcasting
  7883 | D:6      | Found a glowing drain.
  7913 | Sewer    | Entered a sewer
  8070 | Sewer    | Learned a level 3 spell: Conjure Flame
  8269 | Sewer    | Reached ** piety under Sif Muna
  9718 | D:6      | Upgraded the game from 0.26-a0-854-gdc81c2f471 to
                  | 0.26-a0-859-gf57989e088
 10290 | D:7      | Found Fiuseete's Distillery.
 10501 | D:7      | Noticed a troll
 10873 | D:7      | Reached XP level 9. HP: 49/49 MP: 15/22
 10887 | D:7      | Reached skill level 8 in Spellcasting
 11025 | D:7      | Killed a troll
 11158 | D:7      | Found Piavamp's Antique Weapon Shop.
 11312 | D:7      | Found Tirph's Antique Weapon Boutique.
 11468 | D:7      | Learned a level 5 spell: Fireball
 11689 | D:8      | Noticed a komodo dragon
 11743 | D:7      | Demolished by a komodo dragon

Illustrated notes

Levels and vault maps discovered:
D:1:      lightli_arrival_noodles, layout_loops_cross, kennysheep_another_room,
          minmay_door_square, kennysheep_minor_cross
D:2:      layout_basic, lemuel_coloured_pillars_altar, lemuel_round_altar,
          serial_glass, glass_columns_b, glass_columns_b, due_unseen_surprise,
          minmay_strange_pillars, item_on_display_a, minmay_strange_pillars
D:3:      minmay_general_purpose_star, layout_basic,
          chequers_ecumenical_altar_grove, kennysheep_generic_room_13
D:4:      layout_basic, minmay_temple_entry_grid, wad_floor_pattern_untrapped,
          minmay_ruined_shrine, uniq_duvessa
D:5:      layout_gridville, minitemple
D:6:      layout_basic, portal_sewer_entry_b
D:7:      layout_basic, serial_shops, shop, kennysheep_mini_moat,
          nicolae_shop_behind_doors
D:8:      layout_cave_pools, grunt_lair_entry_orc_guard_hut,
          supply_closet_lemuel
Temple:   nicolae_temple_figure_zero

Skill      XL: |  1  2  3  4  5  6  7  8  9 |
---------------+----------------------------+-----
Conjurations   | 2 3 4 6 |  6.5
Fighting       | 1 2 |  2.9
Dodging        | 3 4 |  4.9
Spellcasting   | 4 5 6 7 8 |  8.3
Fire Magic     | 4 5 6 7 |  7.3
Shields        | 1 2 |  2.8
Armour         | 2 |  2.3
Stealth        | |  2.4

Action                   |  1- 3 |  4- 6 |  7- 9 || total
-------------------------+-------+-------+-------++-------
Melee: Short sword       |    18 |       |       ||    18
       Mace              |       |    10 |       ||    10
       Hand axe          |       |       |     8 ||     8
 Cast: Foxfire           |   102 |   100 |   379 ||   581
       Conjure Flame     |       |       |     6 ||     6
  Use: Scroll            |     8 |     9 |     8 ||    25
       Potion            |       |       |     4 ||     4
 Stab: Sleeping          |       |     1 |       ||     1
Armor: Robe              |     5 |     2 |       ||     7
       Leather armour    |       |       |    50 ||    50
       Troll leather arm |       |       |     5 ||     5
Dodge: Dodged            |    26 |    15 |   121 ||   162
Block: Buckler           |       |     2 |    67 ||    69

Table legend: (Time is in decaauts)
 A = Elapsed time spent in this place.
 B = Non-inter-level travel time spent in this place.
 C = Inter-level travel time spent in this place.
 D = Time resting spent in this place.
 E = Time spent auto-exploring this place.
 F = Levels seen in this place.
 G = Mean time per level.
                   A        B        C        D        E       F      G
               +--------+--------+--------+--------+--------+-----+--------+
         Total |  11828 |  11626 |    202 |   3448 |   6462 |  10 | 1182.8 |
       Dungeon |  10429 |  10239 |    190 |   2846 |   5929 |   8 | 1303.6 |
        Temple |     68 |     56 |     12 |      0 |     49 |   1 |   68.0 |
         Sewer |   1330 |   1330 |      0 |    602 |    484 |   1 | 1330.0 |
               +--------+--------+--------+--------+--------+-----+--------+

Top non-repeatable levels by time:
     D:3: 1751 daAuts
     D:7: 1698 daAuts
     D:4: 1582 daAuts
     D:6: 1386 daAuts
     D:5: 1362 daAuts
   Sewer: 1330 daAuts
     D:1: 1322 daAuts
     D:2: 1310 daAuts
  Temple: 68 daAuts
     D:8: 15 daAuts
